 Dungeon Crawl Stone Soup version 0.22.1-2-g9c5b331 (webtiles) character file.

176 Exodus3 the Chopper (level 5, -2/47 HPs)
             Began as a Minotaur Fighter on Dec 10, 2018.
             Was an Initiate of Gozag.
             Slain by Grinder (7 damage)
             ... on level 3 of the Dungeon.
             The game lasted 00:12:27 (2199 turns).

Exodus3 the Chopper (Minotaur Fighter)              Turns: 2199, Time: 00:12:27

Health: -2/47      AC:  8    Str: 18 (21) XL:     5   Next: 30%
Magic:  4/4        EV: 10    Int:  1 (4)  God:    Gozag
Gold:   402        SH:  0    Dex:  6 (9)  Spells: 4/4 levels left

rFire    . . .     SeeInvis .   k - +4 quarterstaff (chaos)
rCold    + . .     Gourm    .   (shield currently unavailable)
rNeg     + . .     Faith    .   m - +1 ring mail {rC+}
rPois    .         Spirit   .   (helmet unavailable)
rElec    .         Reflect  .   p - +0 cloak
rCorr    .         Harm     .   (no gloves)
MR       .....                  (no boots)
Stlth    ..........             n - amulet of rage
HPRegen  0.15/turn              b - ring of positive energy
MPRegen  0.09/turn              (no ring)

@: gold aura, flying (expiring)
A: retaliatory headbutt, horns 3, dopey 1
a: Potion Petition, Call Merchant, Bribe Branch, Renounce Religion, Evoke
Berserk Rage


You were on level 3 of the Dungeon.
You worshipped Gozag.
Gozag was aware of your devotion.
You were not hungry.

You visited 1 branch of the dungeon, and saw 3 of its levels.

You collected 413 gold pieces.
You paid 11 gold pieces to Gozag.

Inventory:

Hand Weapons
 a - a +0 war axe
 k - a +4 quarterstaff of chaos (weapon)
Missiles
 l - 21 bolts
 o - 6 tomahawks (quivered)
 q - 3 needles of sleeping
 u - 4 curare-tipped needles
Armour
 c - a +0 shield
 m - a +1 ring mail of cold resistance (worn)
 p - a +0 cloak (worn)
Jewellery
 b - a ring of positive energy (left hand)
 n - an amulet of rage (around neck)
Scrolls
 e - 3 scrolls of teleportation {unknown}
 g - 2 scrolls of identify {unknown}
 h - 4 scrolls of remove curse {unknown}
 j - a scroll of enchant armour {unknown}
 r - 2 scrolls of amnesia {unknown}
 w - a scroll of blinking {unknown}
Potions
 d - a potion of might
 i - a potion of flight
Comestibles
 f - 3 rations


   Skills:
 + Level 4.5 Fighting
 + Level 4.7 Axes
 + Level 4.5 Armour
 + Level 0.7 Dodging
 + Level 4.3 Shields


You had 4 spell levels left.
You didn't know any spells.
Your spell library was empty.

Dungeon Overview and Level Annotations

Branches:
Dungeon (3/15)

Altars:
Gozag
Yredelemnul

Annotations:
D:3 Grinder


Innate Abilities, Weirdness & Mutations

You reflexively headbutt those who attack you in melee.
You have a pair of large horns on your head.
You are dopey. (Int -2)


Message History

Grinder gestures at you.
You shrug off the repeated paralysis!
You can move again.
Grinder gestures at you.
You shrug off the repeated paralysis!
A bat comes into view.
Grinder blinks!
The bat closely misses you.
Grinder blinks!
The bat hits you but does no damage.
Grinder blinks!
The bat barely misses you. The bat hits you but does no damage.
The bat barely misses you. The bat hits you but does no damage.
Grinder blinks!
The bat hits you but does no damage. The bat closely misses you.
You furiously retaliate!
You headbutt the bat!
You kill the bat!
You are starting to lose your buoyancy.
Grinder is no longer unusually agile.
Grinder hits you!
You die...
Your body crumbles into a pile of gold.

)#
#....#.......(##.##....##
.#
#....######....#'#...#)##
.#
#........(....(.)....#..###
##
##########..#..[....##..##.
#..##########..##. #..#
##.##. #..# #..#. ## #..#
##.#. .. ####@.# #...
#####ยง###..5..# ##..
..........##.## #.>
#.##....####.# ###
......... #.# #.##....##
#.# # ....... #.# $
#######. #.# . #.#


You could see Grinder.

Vanquished Creatures
  Crazy Yiuf (D:3)
  4 adders
  2 oozes (D:3)
  2 worms (D:3)
  2 dart slugs (D:3)
  A leopard gecko (D:1)
  A ball python (D:3)
  10 bats
  A giant cockroach (D:2)
  20 goblins
  13 hobgoblins
  7 jackals (D:1)
  7 kobolds
  A quokka (D:3)
  6 frilled lizards
  6 rats
  2 fungi (D:3)
86 creatures vanquished.

Notes
Turn   | Place    | Note
-------+----------+-------------------------------------------
     0 | D:1      | Exodus3 the Minotaur Fighter began the quest for the Orb.
     0 | D:1      | Reached XP level 1. HP: 19/19 MP: 0/0
   101 | D:1      | Reached XP level 2. HP: 27/27 MP: 1/1
   275 | D:1      | Reached XP level 3. HP: 34/34 MP: 2/2
   484 | D:2      | Found an opulent altar of Gozag.
   526 | D:2      | Became a worshipper of Gozag Ym Sagoz the Greedy
  1104 | D:3      | Reached XP level 4. HP: 41/41 MP: 3/3
  1517 | D:3      | HP: 1/41 [adder (4)]
  1596 | D:3      | Gained mutation: You are dopey. (Int -2) [potion of
                  | mutation]
  1596 | D:3      | Gained mutation: You have a pair of large horns on your
                  | head. [potion of mutation]
  1782 | D:3      | Reached XP level 5. HP: 47/47 MP: 4/4
  1789 | D:3      | Found a basalt altar of Yredelemnul.
  2019 | D:3      | Found a runed door.
  2023 | D:3      | Noticed Crazy Yiuf
  2029 | D:3      | Killed Crazy Yiuf
  2162 | D:3      | Noticed Grinder
  2173 | D:3      | HP: 1/47 [Grinder (7)]
  2177 | D:3      | Paralysed by Grinder for 5 turns
  2199 | D:3      | Slain by Grinder

Skill      XL: |  1  2  3  4 |
---------------+-------------+-----
Fighting       | 4 |  4.5
Axes           | 3 4 |  4.7
Armour         | 4 |  4.5
Shields        | 4 |  4.3
Dodging        | |  0.7

Action                   |  1- 3 |  4- 6 || total
-------------------------+-------+-------++-------
Melee: War axe           |    92 |    89 ||   181
       Headbutt          |     9 |    17 ||    26
       Quarterstaff      |       |     6 ||     6
  Use: Potion            |       |     8 ||     8
  Eat: Ration            |       |     2 ||     2
Armor: Scale mail        |    33 |       ||    33
       Ring mail         |    51 |    40 ||    91
Dodge: Dodged            |    58 |    44 ||   102
Block: Shield            |    77 |    58 ||   135
